 Dungeon Crawl Stone Soup version 0.26.1-11-gd32895ea62 (webtiles) character file.

Game seed: 15813109328245253179

115 Almogavar the Shield-Bearer (level 5, -3/42 HPs)
             Began as a Barachi Fighter on May 10, 2021.
             Killed from afar by Sigmund (5 damage)
             ... with a puff of flame
             ... on level 2 of the Dungeon.
             The game lasted 00:04:31 (1909 turns).

Almogavar the Shield-Bearer (Barachi Fighter)       Turns: 1909, Time: 00:04:31

Health: -3/42      AC:  7    Str: 18    XL:     5   Next: 0%
Magic:  5/5        EV:  8    Int:  9    God:
Gold:   89         SH:  0    Dex: 11    Spells: 4/4 levels left

rFire    . . .     SeeInvis .   a - +1 long sword
rCold    . . .     Faith    .   c - +0 kite shield
rNeg     . . .     Spirit   .   b - +0 scale mail
rPois    .         Reflect  .   (no helmet)
rElec    .         Harm     .   (no cloak)
rCorr    .         Rampage  .   (no gloves)
Will     .....                  (no boots)
Stlth    ..........             l - amulet of magic regeneration
HPRegen  0.14/turn              (no ring)
MPRegen  0.34/turn              (no ring)

@: confused, slow
A: +LOS, swims, slowness 1, strong legs 1
a: Hop


You were on level 2 of the Dungeon.
You visited 1 branch of the dungeon, and saw 2 of its levels.

You collected 89 gold pieces.

Inventory:

Hand Weapons
 a - a +1 long sword (weapon)
Missiles
 h - 50 stones
 k - 25 bolts
 o - 19 sling bullets
Armour
 b - a +0 scale mail (worn)
 c - a +0 kite shield (worn)
 f - a +0 ring mail of willpower
Jewellery
 l - an amulet of magic regeneration (around neck)
Wands
 d - a wand of flame (4) (quivered)
Scrolls
 e - a scroll of remove curse {unknown}
 g - a scroll of enchant weapon
 i - a scroll of noise {unknown}
 j - a scroll of fear {unknown}
Potions
 m - 3 potions of degeneration {unknown}
 n - 2 potions of ambrosia {unknown}
 p - a potion of mutation {unknown}
 q - a potion of brilliance {unknown}
 r - a potion of curing {unknown}


   Skills:
 + Level 4.1 Fighting
 + Level 3.6 Long Blades
 + Level 4.2 Armour
 + Level 1.2 Dodging
 + Level 4.4 Shields


You had 4 spell levels left.
You didn't know any spells.
Your spell library was empty.

Dungeon Overview and Level Annotations

Branches:
Dungeon (2/15)

Altars:

Annotations:
D:2 Sigmund


Innate Abilities, Weirdness & Mutations

You can be seen from farther away. (+LOS)
You can swim through water.
You cover ground slowly.
You can hop short distances.


Message History

You closely miss something. Something hits you.
You barely miss something. Something hits you.
You hit something but do no damage. Something hits you but does no damage.
Your scale mail prevents you from hitting something.
Something hits you.
You miss something. You block something's attack.
You closely miss something. You closely miss something.
You block something's attack.
You hit something. Something hits you but does no damage.
You hit something but do no damage.
You hear some strange, mumbled words.
You are confused.
You closely miss something. Something hits you!
* * * LOW HITPOINT WARNING * * *
You hear some strange, mumbled words.
You are more confused.
You hear some strange, mumbled words.
A puff of flame appears from out of thin air!
The puff of flame hits you.
You die...

#### ###### #... ......# ##
#..........# ##. .#####
######.......... ...
.....###..<##......... #.#
####..##..÷##...###.###!..
##.##.@÷)...#......#.#
#####......##..#...<....#
....####..>#..##@.....#
..#.##..........{...<.##
.......................##.#
.#.....#..................#
........................!##
.##...##...............(.#
.....###...........$.....#
...................(.....#
..?...................)..#


There were no monsters in sight!

Vanquished Creatures
  Jessica (D:2)
  Terence (D:1)
  A gnoll (D:1)
  An adder (D:2)
  An ooze (D:1)
  2 dart slugs (D:1)
  2 leopard geckos (D:1)
  3 bats (D:1)
  4 giant cockroaches (D:1)
  2 goblins
  A hobgoblin (D:1)
  6 jackals (D:1)
  A kobold (D:1)
  5 frilled lizards (D:1)
  7 rats
38 creatures vanquished.

Notes
Turn   | Place    | Note
-------+----------+-------------------------------------------
     0 | D:1      | Almogavar the Barachi Fighter began the quest for the Orb.
     0 | D:1      | Reached XP level 1. HP: 18/18 MP: 1/1
   220 | D:1      | Reached XP level 2. HP: 24/25 MP: 2/2
   618 | D:1      | Reached XP level 3. HP: 15/30 MP: 3/3
  1126 | D:2      | Noticed Jessica
  1132 | D:2      | Killed Jessica
  1133 | D:2      | Reached skill level 1 in Dodging
  1133 | D:2      | Reached XP level 4. HP: 12/37 MP: 4/4
  1492 | D:2      | Noticed Sigmund
  1493 | D:2      | Noticed Terence
  1739 | D:1      | Killed Terence
  1771 | D:2      | Reached XP level 5. HP: 42/42 MP: 5/5
  1907 | D:2      | HP: 1/42 [something (14)]
  1909 | D:2      | Killed from afar by Sigmund

Illustrated notes

Levels and vault maps discovered:
D:1:      nagdon_arrival_double_spiral, layout_loops_ring
D:2:      layout_rooms, uniq_terence, uniq_jessica, uniq_sigmund,
          uniq_crazy_yiuf_cottage

Skill      XL: |  1  2  3 |
---------------+----------+-----
Fighting       | 4 |  4.1
Long Blades    | 3 |  3.6
Armour         | 4 |  4.2
Dodging        | 1 |  1.2
Shields        | 4 |  4.4

Action                   |  1- 3 |  4- 6 || total
-------------------------+-------+-------++-------
Melee: Long sword        |   106 |    33 ||   139
Evoke: Wand              |       |     8 ||     8
  Use: Scroll            |     1 |       ||     1
       Potion            |     1 |       ||     1
Armor: Scale mail        |    50 |    11 ||    61
Dodge: Dodged            |    36 |    14 ||    50
Block: Kite shield       |    48 |    20 ||    68
       Rpst.: Long sword |    10 |     6 ||    16
